 Dungeon Crawl Stone Soup version 0.22.1-6-g1668fe2 (webtiles) character file.

672279 Kairos the Hoplite (level 27, -9/163 HPs)
             Began as a Vine Stalker Fighter on Jan 27, 2019.
             Was the Champion of Okawaru.
             Killed from afar by an orb of fire (16 damage)
             ... with a bolt of fire
             ... on level 5 of the Realm of Zot.
             The game lasted 02:45:12 (50647 turns).

Kairos the Hoplite (Vine Stalker Fighter)          Turns: 50647, Time: 02:45:14

Health: -9/163     AC: 38    Str: 37    XL:     27
Magic:  0/41       EV: 30    Int: 14    God:    Okawaru [******]
Gold:   5041       SH: 35    Dex: 30    Spells: 26/26 levels left

rFire    . . .     SeeInvis .   E - +5 demon trident of Midwinter {drain, MP+9 Int+3}
rCold    + + .     Gourm    .   u - +5 large shield {rF+}
rNeg     + + .     Faith    .   a - +8 ice dragon scales of Fun {rF- rC++ rN+ Regen+ Str-4}
rPois    +         Spirit   +   O - +3 helmet of Amorality {rElec Regen+}
rElec    +         Reflect  .   D - +2 cloak
rCorr    .         Harm     .   S - +2 pair of gloves {Str+3}
MR       +++..     Rnd*Tele +   o - +2 pair of boots of the Assassin {Detection Stab+ Stlth++}
Stlth    +++++++++.             e - amulet "Ymeik" {rPois Regen+ Dex+10}
HPRegen  2.37/turn              k - +3 ring of slaying
MPRegen  0.27/turn              U - ring of Dibehast {*Slow rPois rN+ Int+3 Slay+6}

@: mighty, agile, studying 2 skills
A: fangs 3, regeneration 2, screaming 1, strong 1, teleportitis 1, magic shield,
antimagic bite, no potion heal 3, rot immunity, MP-powered wands
}: 3/15 runes: serpentine, barnacled, silver
a: Heroism, Finesse, Renounce Religion


You were on level 5 of the Realm of Zot.
You worshipped Okawaru.
Okawaru was exalted by your worship.
You were not hungry.

You visited 10 branches of the dungeon, and saw 52 of its levels.
You visited the Abyss 3 times.
You also visited: Labyrinth and Trove.

You collected 8870 gold pieces.
You spent 3829 gold pieces at shops.

Inventory:

Hand Weapons
 b - a +9 trishula of holy wrath
 E - the +5 demon trident of Midwinter (weapon) {drain, MP+9 Int+3}
   (You acquired it on level 3 of the Elven Halls)

   A truly terrible weapon, it drains the life of those it strikes.
   It affects your intelligence (+3).
   It affects your magic capacity (+9).
 R - a +6 demon trident of electrocution
 Z - a +4 demon trident of flaming
Armour
 a - the +8 ice dragon scales of Fun (worn) {rF- rC++ rN+ Regen+ Str-4}
   (You found it on level 3 of the Elven Halls)

   It affects your strength (-4).
   It makes you vulnerable to fire.
   It greatly protects you from cold.
   It protects you from negative energy.
   It increases your rate of regeneration.
 o - the +2 pair of boots of the Assassin (worn) {Detection Stab+ Stlth++}
   (Okawaru gifted it to you on level 2 of the Depths)

   It makes you much more stealthy.
 t - the +2 hat of the Bear Spirit {Spirit, +Rage rN+ MR++}
   (You found it on level 5 of the Vaults)

   It protects you from negative energy.
   It affects your resistance to hostile enchantments.
   It lets you go berserk.
 u - a +5 large shield of fire resistance (worn)
 w - a +2 pair of boots of running
 D - a +2 cloak (worn)
 O - the +3 helmet of Amorality (worn) {rElec Regen+}
   (You found it on level 2 of the Crypt)

   It insulates you from electricity.
   It increases your rate of regeneration.
 S - a +2 pair of gloves of strength (worn)
Jewellery
 c - the ring "Emyh" {MP+9 Int+4}
   (You took it off a deep elf sorcerer on level 3 of the Elven Halls)

   [ring of magical power]

   It affects your intelligence (+4).
   It affects your magic capacity (+9).
 e - the amulet "Ymeik" (around neck) {rPois Regen+ Dex+10}
   (You bought it in a shop on level 4 of the Snake Pit)

   [amulet of regeneration]

   It affects your dexterity (+10).
   It protects you from poison.
   It increases your rate of regeneration.
 k - a +3 ring of slaying (left hand)
 x - an uncursed ring of flight
 F - an uncursed ring of resist corrosion
 T - an uncursed ring of protection from cold
 U - the ring of Dibehast (right hand) {*Slow rPois rN+ Int+3 Slay+6}
   (You took it off a deep elf elementalist on level 3 of the Elven Halls)

   [ring of positive energy]

   It affects your intelligence (+3).
   It affects your accuracy and damage with ranged weapons and melee attacks
   (+6).
   It protects you from poison.
   It protects you from negative energy.
   It may slow you when you take damage.
Wands
 G - a wand of scattershot (13)
 L - a wand of digging (29)
 V - a wand of clouds (6)
Scrolls
 h - 12 scrolls of magic mapping
 i - 17 scrolls of teleportation
 j - 2 scrolls of holy word
 m - 14 scrolls of remove curse
 s - 4 scrolls of blinking
 y - 3 scrolls of identify
 B - 2 scrolls of summoning
 C - 3 scrolls of brand weapon
 H - a scroll of enchant weapon
 J - 4 scrolls of silence
 K - 9 scrolls of fog
 Q - 10 scrolls of immolation
 W - 8 scrolls of fear
Potions
 d - 8 potions of might
 g - 3 potions of haste
 l - 4 potions of brilliance
 n - 18 potions of curing
 p - 3 potions of berserk rage
 q - 8 potions of lignification
 r - 11 potions of agility
 v - 5 potions of flight
 A - 3 potions of cancellation
 I - 2 potions of magic
 M - a potion of invisibility
Books
 X - a manual of
Armour
 Y - a manual of Axes
Comestibles
 f - 55 rations


   Skills:
 + Level 22.7 Fighting
 + Level 3.0(10.8) Axes
 - Level 15.4(15.5) Polearms
 + Level 14.9 Armour
 + Level 13.2 Dodging
 * Level 20.1 Stealth
 + Level 26.3 Shields
 + Level 11.2 Invocations
 + Level 1.5 Evocations


You had 26 spell levels left.
You didn't know any spells.
Your spell library contained the following spells:

 Spells                   Type           Power        Failure   Level  Hunger
 Animate Skeleton         Necr           N/A          43%         1    ##.....
 Apportation              Tloc           #.....       43%         1    ##.....
 Confusing Touch          Hex            #.....       43%         1    ##.....
 Corona                   Hex            #......      43%         1    ##.....
 Flame Tongue             Conj/Fire      #....        43%         1    ##.....
 Freeze                   Ice            #...         43%         1    ##.....
 Infusion                 Chrm           #...         43%         1    ##.....
 Magic Dart               Conj           #...         43%         1    ##.....
 Pain                     Necr           #...         43%         1    ##.....
 Shock                    Conj/Air       #...         43%         1    ##.....
 Sting                    Conj/Pois      #...         43%         1    ##.....
 Summon Butterflies       Summ           #.......     43%         1    ##.....
 Summon Small Mammal      Summ           #...         43%         1    ##.....
 Blink                    Tloc           N/A          58%         2    ###....
 Call Imp                 Summ           #.......     58%         2    ###....
 Corpse Rot               Necr           N/A          58%         2    ###....
 Ensorcelled Hibernation  Hex/Ice        #.....       58%         2    ###....
 Poisonous Vapours        Pois/Air       #.....       58%         2    ###....
 Shroud of Golubria       Chrm/Tloc      #.........   58%         2    ###....
 Slow                     Hex            #.......     58%         2    ###....
 Song of Slaying          Chrm           #.......     58%         2    ###....
 Sublimation of Blood     Necr           #.........   58%         2    ###....
 Swiftness                Chrm/Air       #.......     58%         2    ###....
 Call Canine Familiar     Summ           #.......     82%         3    ####...
 Confuse                  Hex            #.......     82%         3    ####...
 Conjure Flame            Conj/Fire      #.......     82%         3    ####...
 Dazzling Spray           Conj/Hex       #.....       82%         3    ####...
 Gell's Gravitas          Tloc           #.........   82%         3    ####...
 Ignite Poison            Fire/Tmut/Pois #.......     82%         3    ####...
 Inner Flame              Hex/Fire       #.......     82%         3    ####...
 Lesser Beckoning         Tloc           #.........   82%         3    ####...
 Mephitic Cloud           Conj/Pois/Air  #.......     82%         3    ####...
 Portal Projectile        Hex/Tloc       #.....       82%         3    ####...
 Recall                   Summ/Tloc      N/A          82%         3    ####...
 Regeneration             Chrm/Necr      #.........   82%         3    ####...
 Spectral Weapon          Hex/Chrm       #.......     82%         3    ####...
 Static Discharge         Conj/Air       #.......     82%         3    ####...
 Summon Guardian Golem    Hex/Summ       #.......     82%         3    ####...
 Tukima's Dance           Hex            #.......     82%         3    ####...
 Vampiric Draining        Necr           #.........   82%         3    ####...
 Airstrike                Air            #.........   99%         4    #####..
 Animate Dead             Necr           N/A          99%         4    #####..
 Cause Fear               Hex            #.........   99%         4    #####..
 Force Lance              Conj/Tloc      #.......     99%         4    #####..
 Ice Form                 Ice/Tmut       #.......     99%         4    #####..
 Leda's Liquefaction      Hex/Erth       #.........   99%         4    #####..
 Olgreb's Toxic Radiance  Pois           #.......     99%         4    #####..
 Petrify                  Tmut/Erth      #.......     99%         4    #####..
 Summon Ice Beast         Ice/Summ       #.......     99%         4    #####..
 Summon Lightning Spire   Summ/Air       #.......     99%         4    #####..
 Agony                    Necr           #.......     100%        5    ######.
 Alistair's Intoxication  Tmut/Pois      #.......     100%        5    ######.
 Aura of Abjuration       Summ           #.........   100%        5    ######.
 Bolt of Draining         Conj/Necr      #.........   100%        5    ######.
 Bolt of Magma            Conj/Fire/Erth #.........   100%        5    ######.
 Borgnjor's Vile Clutch   Necr/Erth      #.........   100%        5    ######.
 Dispel Undead            Necr           #.......     100%        5    ######.
 Excruciating Wounds      Chrm/Necr      #.........   100%        5    ######.
 Fireball                 Conj/Fire      #.........   100%        5    ######.
 Irradiate                Conj/Tmut      #.........   100%        5    ######.
 Iskenderun's Battlesphe  Conj/Chrm      #.......     100%        5    ######.
 Lightning Bolt           Conj/Air       #.........   100%        5    ######.
 Metabolic Englaciation   Hex/Ice        #.........   100%        5    ######.
 Silence                  Hex/Air        #.........   100%        5    ######.
 Summon Demon             Summ           #.........   100%        5    ######.
 Summon Forest            Summ/Tloc      #.........   100%        5    ######.
 Summon Mana Viper        Hex/Summ       #.......     100%        5    ######.
 Venom Bolt               Conj/Pois      #.........   100%        5    ######.
 Yara's Violent Unravell  Hex/Tmut       #.........   100%        5    ######.
 Bolt of Cold             Conj/Ice       #.........   100%        6    #######
 Bolt of Fire             Conj/Fire      #.........   100%        6    #######
 Darkness                 Hex            #.........   100%        6    #######
 Death Channel            Necr           #.........   100%        6    #######
 Deflect Missiles         Chrm/Air       #.........   100%        6    #######
 Dispersal                Tloc           #.........   100%        6    #######
 Freezing Cloud           Conj/Ice/Air   #.........   100%        6    #######
 Invisibility             Hex            #.......     100%        6    #######
 Iron Shot                Conj/Erth      #.........   100%        6    #######
 Ozocubu's Refrigeration  Ice            #.........   100%        6    #######
 Poison Arrow             Conj/Pois      #.........   100%        6    #######
 Shadow Creatures         Summ           N/A          100%        6    #######
 Simulacrum               Ice/Necr       #.........   100%        6    #######
 Dragon Form              Tmut           #.........   100%        7    #######
 Haunt                    Necr/Summ      #.........   100%        7    #######
 Malign Gateway           Summ/Tloc      #.........   100%        7    #######
 Monstrous Menagerie      Summ           #.........   100%        7    #######
 Orb of Destruction       Conj           #.........   100%        7    #######
 Ring of Flames           Chrm/Fire      #.........   100%        7    #######
 Spellforged Servitor     Conj/Summ      #.........   100%        7    #######
 Summon Greater Demon     Summ           #.........   100%        7    #######
 Borgnjor's Revivificati  Necr           #.........   100%        8    #######
 Chain Lightning          Conj/Air       #.........   100%        8    #######
 Controlled Blink         Tloc           N/A          100%        8    #######
 Death's Door             Chrm/Necr      #.........   100%        8    #######
 Discord                  Hex            #.........   100%        8    #######
 Disjunction              Tloc           #.........   100%        8    #######
 Ignition                 Fire           #.........   100%        8    #######
 Infestation              Necr           #.........   100%        8    #######
 Lehudib's Crystal Spear  Conj/Erth      #.........   100%        8    #######
 Necromutation            Tmut/Necr      #.........   100%        8    #######
 Summon Horrible Things   Summ           #.........   100%        8    #######
 Dragon's Call            Summ           #.........   100%        9    #######
 Fire Storm               Conj/Fire      #.........   100%        9    #######
 Glaciate                 Conj/Ice       #.........   100%        9    #######
 Shatter                  Erth           #.........   100%        9    #######
 Tornado                  Air            #.........   100%        9    #######


Dungeon Overview and Level Annotations

Branches:
Dungeon (15/15)            Temple (0/1) D:5            Lair (6/6) D:10
 Shoals (4/4) Lair:3        Snake (4/4) Lair:2        Slime (0/5) Lair:5
    Orc (2/2) D:10            Elf (3/3) Orc:2        Vaults (5/5) D:13
  Crypt (3/3) Vaults:3       Tomb (0/3) Crypt:3      Depths (5/5) D:15
    Zot (5/5) Depths:5

Altars:
Dithmenos
Fedhas
Gozag
Kikubaaqudgha
Makhleb
Okawaru
Qazlal
Ru
Sif Muna
Trog
Vehumet
Xom
Yredelemnul
The Shining One
Beogh

Shops:
D:8 }   D:9 *   Orc:2 (%[}   Elf:3 ?   Snake:2 [   Snake:4 =   Depths:4 *(*

Portals:
Hell: Depths:1 Depths:2 Depths:3 Depths:4 Depths:5
Abyss: Depths:4
Pandemonium: Depths:1 Depths:3
Ziggurat: Depths:3

Annotations:
Lair:5 Paps's ghost, journeyman GrEn
Elf:1 1 runed door, Kin Fage's ghost, adept MiFi
Abyss:1 Harold, Pikel


Innate Abilities, Weirdness & Mutations

You have razor-sharp teeth.
You heal very quickly.
When hurt, damage is shared between your health and your magic reserves.
Your bite disrupts and absorbs the magic of your enemies.
Potions cannot restore your health.
You are immune to rotting.
You occasionally shout uncontrollably at your foes.
Your muscles are strong. (Str +2)
You are occasionally teleported next to monsters.
You expend magic power (3 MP) to strengthen your wands.


Message History

The bolt of fire misses you.
The orb of fire emits a lurid red light.
The bolt of fire misses you.
Your blink will be uncontrolled - continue anyway? [Y]es or [N]o only, please.
Your blink will be uncontrolled - continue anyway? [Y]es or [N]o only, please.
Your blink will be uncontrolled - continue anyway? [Y]es or [N]o only, please.
Your blink will be uncontrolled - continue anyway? [Y]es or [N]o only, please.
Your blink will be uncontrolled - continue anyway?
The Orb prevents control of your translocation!
You blink.
As you read the scroll of blinking, it crumbles to dust.
The orb of fire glows bright magenta.
The bolt of fire misses you.
The orb of fire glows deep purple.
The bolt of fire hits you!
You die...

▓▓▓...................▓▓
▓▓......................▓▓ ▓▓▓▓▓▓
▓....)...................▓
.....▓▓▓......................)[▓
......▓▓......................)▓▓
.......▓.....................)▓▓
.0.)...z.....^...^...........▓▓
..^....▓...^..................▓▓
......▓▓†.z.D.z^@..............▓▓
.....▓▓▓.p.*.*.^y...............▓
▓▓▓▓▓▓ #.^..**..................▓
##....*...^.......^.....▓▓
##▓§..................▓▓
▓▓▓▓.........?...(.▓▓
#▓▓▓▓▓▓▓▓#▓▓##.....▓▓
###.{^^......{.....^..##
##....##..........^.....#*


You could see 5 orbs of fire, a Killer Klown, a storm dragon, 2 death cobs and a
moth of wrath.

Vanquished Creatures
  Khufu (Crypt:1)
  Mennas (Vaults:4)
  4 ancient liches
  2 orbs of fire (Zot:5)
  Mara (Vaults:4)
  A juggernaut (Depths:2)
  A greater mummy (Crypt:1)
  Boris (twice) (Depths:2 Depths:4)
  Margery (Depths:1)
  Frederick (Depths:5)
  A curse toe (Zot:3)
  Vashnia (Snake:4)
  A Killer Klown (Zot:5)
  7 caustic shrikes
  Saint Roka (Crypt:3)
  14 golden dragons
  A profane servitor (Abyss:3)
  the Enchantress (Depths:3)
  An electric golem (Zot:5)
  A bone dragon (Abyss:2)
  7 tentacled monstrosities
  2 deep elf blademasters
  7 liches
  21 Orb Guardians (Zot:5)
  5 titans
  Asterion (Snake:4)
  4 quicksilver dragons
  8 sphinxes
  2 tentacled starspawn (Abyss:3)
  Gastronok (Orc:1)
  A death cob (Zot:2)
  2 ancient champions (Crypt:1)
  Frances (D:14)
  7 tengu reavers
  8 storm dragons
  16 nagarajas (Snake:4)
  12 shadow dragons
  2 revenants
  A draconian monk (Depths:5)
  An azure jelly (shapeshifter) (Vaults:4)
  2 draconian knights
  8 frost giants
  12 fire giants
  14 vault wardens
  12 deep elf sorcerers
  A ghost moth (Zot:2)
  4 draconian scorchers
  3 draconian shifters
  3 juggernaut zombies
  6 deep elf elementalists
  2 curse skulls
  37 very ugly things
  3 draconian annihilators
  A caustic shrike skeleton (Depths:4)
  5 spriggan defenders
  7 war gargoyles
  4 ghouls
  2 juggernaut skeletons (Depths:4)
  25 stone giants
  9 deep elf demonologists
  16 ironheart preservers
  3 entropy weavers
  8 vampire knights
  The ghost of Wizonegh the Severer, a journeyman MiBe of Trog (Lair:5)
  Nessos (Orc:2)
  9 green draconians
  5 black draconians
  Azrael (Elf:1)
  The ghost of Yboroja the Earth Mage, a journeyman DEEE of Sif Muna (Lair:5)
  A minotaur (Lab)
  5 white draconians
  4 dire elephants (Lair:6)
  16 deep elf annihilators
  4 spark wasps
  8 red draconians
  4 yellow draconians
  6 merfolk javelineers
  3 purple draconians
  An eidolon (Crypt:3)
  A green death (Abyss:2)
  6 jiangshi
  9 fire dragons
  14 ettins
  7 deep elf death magi
  10 merfolk impalers
  Josephine (Orc:2)
  15 yaktaur captains
  A quicksilver dragon skeleton (Depths:4)
  8 deep elf high priests
  9 great orbs of eyes
  31 vault guards
  Fannar (D:11)
  16 naga warriors
  6 rakshasas
  5 spriggan air magi
  7 hydras
  12 ice dragons
  A juggernaut simulacrum (Depths:2)
  13 anacondas
  6 merfolk avatars
  9 merfolk aquamancers
  4 death knights
  11 centaur warriors
  40 two-headed ogres
  An alligator snapping turtle (Shoals:2)
  3 death yaks (Lair:6)
  14 deep troll shamans
  8 vampire magi
  4 satyrs
  8 tengu warriors
  A thrashing horror (Abyss:3)
  A titan zombie (Depths:4)
  12 deep troll earth magi
  2 death yaks (shapeshifter)
  Urug (D:11)
  16 ogre magi
  6 shock serpents
  A queen ant (shapeshifter) (Vaults:5)
  36 dancing weapons
  An orc high priest (Elf:3)
  13 spriggan berserkers
  2 wretched stars
  2 titan skeletons (Depths:4)
  25 naga sharpshooters
  27 deep elf knights
  17 hell knights
  2 soul eaters
  A fire crab (shapeshifter) (Depths:2)
  4 shadow wraiths
  11 skeletal warriors
  4 iron trolls
  6 salamander mystics
  2 ghost moth zombies
  2 golden dragon zombies
  3 naga ritualists
  5 starcursed masses
  3 unseen horrors
  4 glowing orange brains
  13 sea snakes
  A tengu zombie (Depths:2)
  48 deep trolls
  30 deep elf archers
  2 wizards
  13 flayed ghosts
  An anaconda skeleton (Crypt:3)
  2 lindwurms (shapeshifter)
  An orange crystal statue (Snake:1)
  4 golden dragon skeletons
  4 orc sorcerers
  A sphinx zombie (Crypt:1)
  21 phantasmal warriors
  A tengu skeleton (Depths:4)
  14 ironbrand convokers
  9 necromancers
  21 harpies
  48 ugly things
  A shadow dragon skeleton (Crypt:3)
  13 manticores
  4 wolf spiders
  4 cyclopes
  A faun (shapeshifter) (Elf:1)
  2 mana vipers
  9 salamanders
  79 deep elf magi
  10 orc knights
  10 fire giant skeletons (Crypt:3)
  10 merfolk sirens
  A frost giant skeleton (Depths:4)
  17 fauns
  An iron dragon skeleton (Crypt:1)
  8 elephants (Lair:6)
  5 moths of wrath
  21 guardian serpents
  A moth of wrath (shapeshifter) (Vaults:5)
  30 black mambas
  15 vault sentinels
  18 naga magi
  7 water nymphs
  2 smoke demons (Abyss:3)
  A spiny frog (shapeshifter) (Vaults:4)
  5 gargoyles
  A torpor snail (Lair:6)
  6 spiny frogs
  8 centaur zombies
  A rime drake (Lair:6)
  A black draconian zombie (Crypt:2)
  A spriggan skeleton (Depths:4)
  57 yaktaurs
  A rime drake (shapeshifter) (Depths:2)
  A spark wasp simulacrum (Depths:2)
  3 hellwings
  2 efreet
  5 freezing wraiths
  A yaktaur (shapeshifter) (Depths:2)
  A minotaur skeleton (Crypt:1)
  A red draconian skeleton (Crypt:2)
  5 komodo dragons
  3 ancient zymes
  8 trolls
  An ice devil (Abyss:3)
  A polar bear (shapeshifter) (Abyss:3)
  2 guardian mummies (Crypt:3)
  A wolf spider simulacrum (Crypt:1)
  A golden dragon simulacrum (Crypt:1)
  A death drake zombie (Crypt:1)
  A death yak skeleton (Crypt:1)
  3 tengu conjurers
  3 hydra skeletons
  10 hornets
  5 wind drakes
  27 merfolk
  A jumping spider (shapeshifter) (Vaults:4)
  A raiju (shapeshifter) (Vaults:1)
  15 slime creatures
  15 blink frogs
  A meliai (D:13)
  8 hippogriffs
  A bog body (Crypt:1)
  14 raiju
  15 snapping turtles
  Prince Ribbit (D:6)
  A tengu simulacrum (Vaults:2)
  6 dream sheep
  2 meliai zombies
  An ice dragon skeleton (Vaults:1)
  7 fire dragon skeletons (Crypt:3)
  A tarantella (shapeshifter) (Vaults:4)
  27 water elementals
  4 air elementals
  4 flying skulls (Crypt:1)
  5 shadows
  A ynoxinul (Abyss:3)
  9 spriggans
  2 ettin skeletons (Crypt:3)
  An ushabti (Crypt:3)
  6 redbacks
  4 fire elementals (Elf:1)
  51 yaks
  A wyvern (D:10)
  13 wraiths
  6 golden eyes (Abyss:2)
  A yak (shapeshifter) (Vaults:1)
  A basilisk (shapeshifter) (Vaults:5)
  A basilisk (D:15)
  A human (shapeshifter) (Depths:4)
  A golden eye (shapeshifter) (Vaults:4)
  4 hungry ghosts
  A chaos spawn (Abyss:3)
  4 vampire mosquitoes (D:14)
  A wyvern (shapeshifter) (Depths:3)
  A neqoxec (Abyss:3)
  2 human simulacra (Vaults:2)
  6 large abominations
  An insubstantial wisp (Abyss:2)
  60 nagas
  A soldier ant (shapeshifter) (Depths:3)
  A swamp worm (shapeshifter) (Vaults:4)
  Edmund (D:5)
  4 wargs
  11 small abominations
  2 acid dragons
  2 hell hounds (Elf:1)
  13 water moccasins
  12 porcupines
  An infernal demonspawn skeleton (Crypt:2)
  2 slaves (D:5)
  35 orc warriors
  A human zombie (Vaults:1)
  2 black bears (D:13)
  3 ice beasts
  A sky beast (shapeshifter) (Vaults:5)
  An eye of draining (D:15)
  3 sky beasts
  10 boggarts
  6 necrophages
  9 wolves (Lair:2)
  67 ogres
  A lindwurm skeleton (Crypt:1)
  A manticore zombie (Crypt:1)
  2 snapping turtle skeletons
  25 centaurs
  2 human skeletons
  12 crocodiles
  A crocodile (shapeshifter) (Vaults:2)
  A draconian zombie (Crypt:1)
  3 big kobolds
  18 bullfrogs
  2 gnoll sergeants
  2 earth elementals (Elf:1)
  2 glowing shapeshifter simulacra
  2 scorpions
  12 killer bees
  An elf simulacrum (Vaults:1)
  4 wights
  A vampire bat (D:6)
  A polar bear skeleton (Crypt:2)
  3 electric eels (Elf:3)
  5 howler monkeys
  10 crimson imps
  2 quasits (D:13)
  A soldier ant zombie (Crypt:2)
  6 jellies
  A bullfrog zombie (D:13)
  10 orc priests
  9 hounds
  8 centaur skeletons
  2 bullfrog skeletons
  Crazy Yiuf (D:6)
  An iron imp (Depths:4)
  3 iguanas
  25 orc wizards
  10 worker ants
  A sky beast zombie (Crypt:2)
  A deep dwarf skeleton (Crypt:2)
  A dwarf skeleton (Crypt:2)
  2 hound skeletons
  10 mummies
  2 worker ant zombies
  12 gnolls
  9 adders
  4 shadow imps
  A white imp (Abyss:2)
  An ufetubus (Abyss:3)
  5 oozes
  An adder skeleton (D:6)
  An adder zombie (D:6)
  A worm (D:2)
  4 dart slugs
  A dart slug (shapeshifter) (Vaults:5)
  9 leopard geckos
  86 orcs
  A ball python (Snake:4)
  7 giant cockroaches
  7 goblins
  7 hobgoblins
  13 jackals
  15 kobolds
  4 quokkas
  19 bats
  7 frilled lizards
  5 rats
  A crawling corpse (Vaults:5)
  5 plants
  2 starspawn tentacles (Abyss:3)
  A withered plant (Crypt:3)
2505 creatures vanquished.

Vanquished Creatures (others)
  A vampire mage (Depths:4)
  A deep elf mage (Elf:3)
  A cyclops (Vaults:2)
  A guardian serpent (Snake:4)
  A naga (Snake:4)
  2 slaves (D:5)
  A hound (D:5)
  A worm (D:4)
  2 goblins (D:2)
  A leopard gecko skeleton (D:4)
  A bush (D:10)
  5 fungi
  18 plants
  A starspawn tentacle (Abyss:3)
  4 withered plants (Lair:5)
41 creatures vanquished.

Grand Total: 2546 creatures vanquished

Notes
Turn   | Place    | Note
-------+----------+-------------------------------------------
     0 | D:1      | Kairos the Vine Stalker Fighter began the quest for the
                  | Orb.
     0 | D:1      | Reached XP level 1. HP: 11/11 MP: 2/2
   163 | D:1      | Reached XP level 2. HP: 16/16 MP: 3/3
   284 | D:1      | Reached skill level 3 in Shields
   284 | D:1      | Reached XP level 3. HP: 1/20 MP: 0/4
   998 | D:2      | Gained mutation: Your natural rate of healing is unusually
                  | fast. [Vine Stalker growth]
   998 | D:2      | Reached XP level 4. HP: 24/24 MP: 5/5
  1479 | D:3      | Noticed a big kobold
  1483 | D:3      | Killed a big kobold
  1483 | D:3      | Reached XP level 5. HP: 26/28 MP: 6/6
  2077 | D:3      | Reached XP level 6. HP: 32/32 MP: 7/7
  2283 | D:4      | Reached skill level 1 in Polearms
  2416 | D:4      | Reached skill level 1 in Stealth
  2495 | D:4      | Found an iron altar of Okawaru.
  2520 | D:4      | Became a worshipper of Warmaster Okawaru
  2553 | D:4      | Noticed an orc warrior
  2560 | D:4      | Reached skill level 4 in Shields
  2601 | D:4      | Killed an orc warrior
  2601 | D:4      | Reached skill level 1 in Dodging
  2601 | D:4      | Reached XP level 7. HP: 21/36 MP: 3/8
  2843 | D:4      | Found a shadowy altar of Dithmenos.
  2937 | D:5      | Entered Level 5 of the Dungeon
  2988 | D:5      | Found an ancient bone altar of Kikubaaqudgha.
  2988 | D:5      | Found a deep blue altar of Sif Muna.
  2990 | D:5      | Found a radiant altar of Vehumet.
  3111 | D:5      | Found a bloodstained altar of Trog.
  3128 | D:5      | Found a staircase to the Ecumenical Temple.
  3158 | D:5      | Noticed Pikel
  3249 | D:5      | Reached * piety under Okawaru
  3294 | D:5      | Banished Pikel
  3294 | D:5      | Gained mutation: You have razor-sharp teeth. [Vine Stalker
                  | growth]
  3294 | D:5      | Reached XP level 8. HP: 42/42 MP: 9/9
  3380 | D:5      | Identified Sif Muna's Catalogue of the Voyage
  3435 | D:5      | Reached skill level 5 in Shields
  3606 | D:5      | Found a blossoming altar of Fedhas.
  3656 | D:5      | Noticed Edmund
  3661 | D:5      | Killed Edmund
  3777 | D:6      | Reached skill level 5 in Polearms
  3834 | D:6      | Noticed Prince Ribbit
  3974 | D:6      | Reached ** piety under Okawaru
  4079 | D:6      | Got a brightly glowing mace
  4084 | D:6      | Got a twisted mace
  4085 | D:6      | Identified the cursed +1 mace of Fear {freeze, *Corrode
                  | Int+4} (You found it on level 6 of the Dungeon)
  4086 | D:6      | Identified the +0 mace "Jellyslayer" {speed, MR+ Int+2}
                  | (You found it on level 6 of the Dungeon)
  4089 | D:6      | Found a runed door.
  4100 | D:6      | Noticed Crazy Yiuf
  4149 | D:6      | Found a shadowy altar of Dithmenos.
  4157 | D:6      | Reached XP level 9. HP: 42/45 MP: 8/10
  4501 | D:6      | Killed Prince Ribbit
  4778 | D:6      | Killed Crazy Yiuf
  4794 | D:7      | Noticed Harold
  4799 | D:7      | Banished Harold
  4799 | D:7      | Reached skill level 5 in Armour
  4799 | D:7      | Reached skill level 6 in Shields
  4901 | D:7      | Got a translucent trident
  4902 | D:7      | Identified the +9 trident of an ossuary {freeze, +Fly} (You
                  | found it on level 7 of the Dungeon)
  5103 | D:7      | Found a sacrificial altar of Ru.
  5130 | D:7      | Reached *** piety under Okawaru
  5130 | D:7      | Reached skill level 5 in Fighting
  5221 | D:7      | Reached XP level 10. HP: 51/51 MP: 11/11
  5802 | D:8      | Reached **** piety under Okawaru
  6037 | D:8      | Found Gotithru's Gadget Shop.
  6261 | D:8      | Bought a wand of digging (5) for 216 gold pieces
  6651 | D:9      | Found Kuhoitin's General Store.
  7220 | D:9      | Reached skill level 7 in Shields
  7247 | D:9      | Found a basalt altar of Yredelemnul.
  7248 | D:9      | Found a glowing golden altar of the Shining One.
  7549 | D:10     | Entered Level 10 of the Dungeon
  7706 | D:10     | Found a staircase to the Lair.
  7743 | D:10     | Reached ***** piety under Okawaru
  7757 | D:10     | Reached XP level 11. HP: 56/56 MP: 12/12
  7759 | D:10     | Reached skill level 8 in Shields
  7885 | D:10     | Found a staircase to the Orcish Mines.
  8008 | D:10     | Noticed a two-headed ogre
  8017 | D:10     | Killed a two-headed ogre
  8210 | D:10     | Killed an unseen horror
  8210 | D:10     | Received a gift from Okawaru
  8474 | Lair:1   | Entered Level 1 of the Lair of Beasts
  8547 | Lair:1   | Reached skill level 10 in Polearms
  8945 | Lair:1   | Noticed a seven-headed hydra
  8979 | Lair:1   | Killed a seven-headed hydra
  9485 | Lair:2   | Noticed a four-headed hydra
  9489 | Lair:2   | Gained mutation: You heal very quickly. [Vine Stalker
                  | growth]
  9489 | Lair:2   | Reached XP level 12. HP: 59/61 MP: 11/13
  9495 | Lair:2   | Killed a four-headed hydra
  9495 | Lair:2   | Reached skill level 9 in Shields
  9645 | Lair:2   | Reached skill level 1 in Invocations
  9678 | Lair:2   | Reached ****** piety under Okawaru
  9775 | Lair:2   | Noticed a six-headed hydra
  9780 | Lair:2   | Killed a six-headed hydra
  9796 | Lair:2   | Found a staircase to the Snake Pit.
  9844 | Lair:2   | Noticed a five-headed hydra
  9850 | Lair:2   | Killed a five-headed hydra
  9876 | Lair:2   | Received a gift from Okawaru
 10601 | Lair:3   | Found a staircase to the Shoals.
 11414 | Lair:4   | Noticed a six-headed hydra
 11422 | Lair:4   | Killed a six-headed hydra
 11422 | Lair:4   | Reached XP level 13. HP: 57/67 MP: 14/14
 11805 | Lair:5   | Found a staircase to the Slime Pits.
 11808 | Lair:5   | Found a labyrinth entrance.
 11840 | Lab      | Entered a labyrinth
 12152 | Lab      | Noticed a minotaur
 12167 | Lab      | Killed a minotaur
 12167 | Lab      | Reached skill level 10 in Shields
 12181 | Lab      | Identified a +2 pair of boots of running (You found it in a
                  | labyrinth)
 12418 | Lair:5   | Found a runed gate.
 12418 | Lair:5   | Found a runed gate.
 12418 | Lair:5   | Found a runed gate.
 12418 | Lair:5   | Noticed Paps's ghost (journeyman GrEn)
 12419 | Lair:5   | Noticed Yboroja's ghost (journeyman DEEE)
 12419 | Lair:5   | Noticed Wizonegh's ghost (journeyman MiBe)
 12719 | Lair:5   | Got a warped war axe
 12720 | Lair:5   | Identified the +8 war axe "Goegiex" {chop, Int+5 Dex+4}
                  | (You found it on level 5 of the Lair of Beasts)
 13405 | Lair:5   | Killed Wizonegh's ghost
 13405 | Lair:5   | Received a gift from Okawaru
 13564 | Lair:5   | Killed Yboroja's ghost
 13564 | Lair:5   | Reached skill level 5 in Dodging
 13656 | Lair:6   | Entered Level 6 of the Lair of Beasts
 14360 | Lair:6   | Noticed a dire elephant
 14360 | Lair:6   | Noticed a dire elephant
 14373 | Lair:6   | Killed a dire elephant
 14387 | Lair:6   | Killed a dire elephant
 14430 | Lair:6   | Noticed a dire elephant
 14436 | Lair:6   | Killed a dire elephant
 14436 | Lair:6   | Reached XP level 14. HP: 73/74 MP: 16/16
 14518 | Lair:6   | Noticed a dire elephant
 14530 | Lair:6   | Killed a dire elephant
 14719 | Snake:1  | Entered Level 1 of the Snake Pit
 15204 | Snake:1  | Found a burning altar of Makhleb.
 15268 | Snake:1  | Received a gift from Okawaru
 15271 | Snake:1  | Got a heavily runed helmet {god gift}
 15291 | Snake:1  | Identified the -7 helmet of the Harvest {rCorr Dex+3}
                  | (Okawaru gifted it to you on level 1 of the Snake Pit)
 15784 | Snake:1  | Reached skill level 11 in Shields
 16901 | Snake:2  | Found Ynishy's Antique Armour Shoppe.
 17067 | Snake:2  | Reached XP level 15. HP: 79/79 MP: 15/18
 17423 | Snake:3  | Received a gift from Okawaru
 17439 | Snake:3  | HP: 3/79 [naga sharpshooter/arrow (13)]
 17851 | Snake:3  | Got an encrusted hat {god gift}
 17864 | Snake:2  | Identified the +0 hat "Utukli" {rElec Stlth+} (Okawaru
                  | gifted it to you on level 3 of the Snake Pit)
 18153 | Snake:3  | Reached skill level 12 in Shields
 18673 | Snake:4  | Entered Level 4 of the Snake Pit
 18686 | Snake:4  | Noticed a nagaraja
 18701 | Snake:4  | Noticed a nagaraja
 18703 | Snake:4  | Killed a nagaraja
 18704 | Snake:4  | Noticed a nagaraja
 18818 | Snake:4  | Noticed Asterion
 18820 | Snake:4  | Noticed an Executioner
 18835 | Snake:4  | Noticed an Executioner
 18842 | Snake:4  | Killed Asterion
 18842 | Snake:4  | Reached skill level 10 in Fighting
 18871 | Snake:4  | Noticed a nagaraja
 18894 | Snake:4  | Killed a nagaraja
 18894 | Snake:4  | Received a gift from Okawaru
 18969 | Snake:4  | Killed a nagaraja
 18994 | Snake:4  | Noticed Vashnia
 19109 | Snake:4  | Killed Vashnia
 19117 | Snake:4  | Reached XP level 16. HP: 28/86 MP: 13/20
 19179 | Snake:4  | Reached skill level 13 in Shields
 19344 | Snake:4  | Reached skill level 5 in Invocations
 19360 | Snake:4  | Received a gift from Okawaru
 19618 | Snake:4  | Noticed a nagaraja
 19627 | Snake:4  | Killed a nagaraja
 19691 | Snake:4  | Found Veonuune's Jewellery Shop.
 19699 | Snake:4  | Bought the amulet "Ymeik" {rPois Regen+ Dex+10} for 933
                  | gold pieces
 20023 | Snake:4  | Reached skill level 15 in Polearms
 20264 | Snake:4  | Reached skill level 10 in Armour
 20267 | Snake:4  | Noticed a nagaraja
 20275 | Snake:4  | Killed a nagaraja
 20358 | Snake:4  | Noticed a nagaraja
 20360 | Snake:4  | Noticed a nagaraja
 20361 | Snake:4  | Noticed a nagaraja
 20365 | Snake:4  | Killed a nagaraja
 20464 | Snake:4  | Noticed a nagaraja
 20469 | Snake:4  | Killed a nagaraja
 20469 | Snake:4  | Received a gift from Okawaru
 20484 | Snake:4  | Noticed a nagaraja
 20495 | Snake:4  | Killed a nagaraja
 20502 | Snake:4  | Killed a nagaraja
 20507 | Snake:4  | Killed a nagaraja
 20578 | Snake:4  | Noticed a nagaraja
 20596 | Snake:4  | Killed a nagaraja
 20640 | Snake:4  | Noticed a nagaraja
 20640 | Snake:4  | Noticed a nagaraja
 20649 | Snake:4  | Killed a nagaraja
 20657 | Snake:4  | Killed a nagaraja
 20660 | Snake:4  | Killed a nagaraja
 20660 | Snake:4  | Reached skill level 14 in Shields
 20660 | Snake:4  | Reached XP level 17. HP: 70/91 MP: 22/22
 20787 | Snake:4  | Got a serpentine rune of Zot
 20927 | Snake:4  | Received a gift from Okawaru
 21088 | Shoals:1 | Entered Level 1 of the Shoals
 22050 | Shoals:2 | Received a gift from Okawaru
 22510 | Shoals:3 | Reached skill level 15 in Shields
 22887 | Shoals:3 | Reached XP level 18. HP: 98/98 MP: 23/23
 23233 | Shoals:4 | Entered Level 4 of the Shoals
 23244 | Shoals:4 | Received a gift from Okawaru
 23469 | Shoals:4 | Reached skill level 1 in Evocations
 24026 | Shoals:4 | Reached skill level 16 in Shields
 24196 | Shoals:4 | Got a barnacled rune of Zot
 24942 | Orc:1    | Entered Level 1 of the Orcish Mines
 25001 | Orc:2    | Entered Level 2 of the Orcish Mines
 25023 | Orc:2    | Noticed Nessos
 25034 | Orc:2    | Killed Nessos
 25056 | Orc:2    | Found a staircase to the Elven Halls.
 25074 | Orc:2    | Received a gift from Okawaru
 25256 | Orc:2    | Noticed Josephine
 25277 | Orc:2    | Killed Josephine
 25326 | Orc:2    | Reached XP level 19. HP: 105/105 MP: 25/25
 25595 | Orc:2    | Found Zozil's Antique Weapon Boutique.
 25595 | Orc:2    | Found Kusch's Food Emporium.
 25596 | Orc:2    | Found Xamen's Armour Emporium.
 25596 | Orc:2    | Found Jifo's Gadget Shop.
 25732 | Orc:1    | Found a roughly hewn altar of Beogh.
 25776 | Orc:1    | Noticed Gastronok
 25785 | Orc:1    | Killed Gastronok
 26110 | Elf:1    | Entered Level 1 of the Elven Halls
 26133 | Elf:1    | Found a runed door.
 26453 | Elf:1    | Noticed Azrael
 26468 | Elf:1    | Killed Azrael
 26645 | Elf:1    | Reached skill level 17 in Shields
 26868 | Elf:1    | Received a gift from Okawaru
 26969 | Elf:1    | Found a shimmering altar of Xom.
 26969 | Elf:1    | Noticed Kin Fage's ghost (adept MiFi)
 27219 | Elf:2    | Found a runed gate.
 27219 | Elf:2    | Found a runed gate.
 27219 | Elf:2    | Found a runed gate.
 27942 | Elf:2    | Received a gift from Okawaru
 28057 | Elf:2    | Reached XP level 20. HP: 99/112 MP: 22/26
 28240 | Elf:3    | Entered Level 3 of the Elven Halls
 28626 | Elf:3    | Reached skill level 18 in Shields
 28843 | Elf:3    | Found Jukoosk's Magic Scroll Boutique.
 28848 | Elf:3    | Bought a scroll of acquirement for 780 gold pieces
 28854 | Elf:3    | Got a steaming demon trident
 28855 | Elf:3    | Identified the +5 demon trident of Midwinter {drain, MP+9
                  | Int+3} (You acquired it on level 3 of the Elven Halls)
 28938 | Elf:3    | Reached skill level 15 in Fighting
 29122 | Elf:3    | Received a gift from Okawaru
 29337 | Elf:3    | Got a twitching bone ring
 29350 | Elf:3    | Identified the ring of Dibehast {*Slow rPois rN+ Int+3
                  | Slay+6} (You took it off a deep elf elementalist on level 3
                  | of the Elven Halls)
 29365 | Elf:3    | Got an ancient jade ring
 29366 | Elf:3    | Got a translucent large shield
 29368 | Elf:3    | Identified the ring "Emyh" {MP+9 Int+4} (You took it off a
                  | deep elf sorcerer on level 3 of the Elven Halls)
 29381 | Elf:3    | Identified the cursed -6 large shield "Mealigik" {Int+7}
                  | (You took it off a deep elf sorcerer on level 3 of the
                  | Elven Halls)
 29425 | Elf:3    | Cast into level 3 of the Abyss (a deep elf sorcerer)
 29563 | Abyss:3  | Found a corrupted altar of Lugonu.
 29649 | Abyss:3  | Received a gift from Okawaru
 29783 | Abyss:3  | Noticed a profane servitor
 29797 | Abyss:3  | Killed a profane servitor
 29803 | Elf:3    | Escaped the Abyss
 29819 | Elf:3    | Reached XP level 21. HP: 102/119 MP: 27/27
 29897 | Elf:3    | Identified Sif Muna's Catalogue of Ice and Feathers
 29939 | Elf:3    | Got bronze ice dragon scales
 29951 | Elf:3    | Identified the +8 ice dragon scales of Fun {rF- rC++ rN+
                  | Regen+ Str-4} (You found it on level 3 of the Elven Halls)
 30619 | D:11     | Noticed Urug
 30631 | D:11     | Killed Urug
 30645 | D:11     | Noticed Fannar
 30657 | D:11     | Killed Fannar
 31848 | D:13     | Reached skill level 19 in Shields
 31918 | D:13     | Reached skill level 5 in Stealth
 31963 | D:13     | Found a gate to the Vaults.
 32519 | Vaults:1 | Entered Level 1 of the Vaults
 33063 | Vaults:1 | Received a gift from Okawaru
 33105 | Vaults:1 | Cast into level 2 of the Abyss (a deep elf sorcerer)
 33136 | Vaults:1 | Escaped the Abyss
 34073 | Vaults:2 | Reached XP level 22. HP: 126/126 MP: 28/28
 34513 | Vaults:3 | Received a gift from Okawaru
 34695 | Vaults:3 | Found a staircase to the Crypt.
 34695 | Vaults:3 | Found a basalt altar of Yredelemnul.
 34696 | Vaults:3 | Found an ancient bone altar of Kikubaaqudgha.
 34778 | Vaults:3 | Reached skill level 20 in Shields
 35869 | Vaults:4 | Received a gift from Okawaru
 36036 | Vaults:4 | Noticed Mara
 36039 | Vaults:4 | Noticed Kairos's illusion
 36043 | Vaults:4 | Killed Mara
 36043 | Vaults:4 | Reached XP level 23. HP: 125/133 MP: 29/29
 36126 | Vaults:4 | Noticed Mennas
 36164 | Vaults:4 | Killed Mennas
 36164 | Vaults:4 | Received a gift from Okawaru
 36213 | Vaults:4 | Got a smoking large shield
 36224 | Vaults:4 | Identified the cursed +0 large shield "Cautz" {rCorr Str+3}
                  | (You took it off Mennas on level 4 of the Vaults)
 36302 | Vaults:4 | Reached skill level 10 in Stealth
 37040 | Vaults:5 | Entered Level 5 of the Vaults
 37115 | Vaults:4 | Received a gift from Okawaru
 37148 | Vaults:5 | Reached skill level 21 in Shields
 37165 | Vaults:5 | Noticed a golden dragon
 37272 | Vaults:5 | Received a gift from Okawaru
 37287 | Vaults:4 | Reached skill level 10 in Dodging
 37302 | Vaults:4 | Killed a golden dragon
 37358 | Vaults:5 | Noticed a golden dragon
 37389 | Vaults:5 | Noticed a golden dragon
 37407 | Vaults:5 | Reached XP level 24. HP: 44/140 MP: 27/30
 37992 | Vaults:5 | Received a gift from Okawaru
 38018 | Vaults:5 | Identified the +8 trident of the Fox {freeze, *Contam Str+3
                  | SInv} (Okawaru gifted it to you on level 5 of the Vaults)
 38052 | Vaults:5 | Reached skill level 22 in Shields
 38121 | Vaults:5 | Received a gift from Okawaru
 38349 | Vaults:5 | Got a pair of faintly glowing gloves
 38355 | Vaults:5 | Identified the cursed -4 pair of gloves of the Meadowlark
                  | {MR++ Int+2 Dex+3} (You found it on level 5 of the Vaults)
 38374 | Vaults:5 | Got a silver rune of Zot
 38376 | Vaults:5 | Identified the Papyrus of Helpful Malediction
 38830 | Vaults:5 | Found the +2 hat of the Bear Spirit {Spirit, +Rage rN+
                  | MR++}
 38846 | Vaults:5 | Found the +8 autumn katana {slice, Clar}
 39075 | Crypt:1  | Entered Level 1 of the Crypt
 39130 | Crypt:1  | Noticed Khufu
 39131 | Crypt:1  | Noticed a greater mummy
 39266 | Crypt:1  | Killed Khufu
 39266 | Crypt:1  | Reached XP level 25. HP: 147/147 MP: 30/30
 39323 | Crypt:1  | Killed a greater mummy
 39483 | Crypt:1  | Received a gift from Okawaru
 40410 | Crypt:2  | Identified the +3 helmet of Amorality {rElec Regen+} (You
                  | found it on level 2 of the Crypt)
 40450 | Crypt:3  | Entered Level 3 of the Crypt
 40672 | Crypt:3  | Found the +9 staff of Olgreb {rPois}
 40903 | Crypt:3  | Found a staircase to the Tomb.
 40905 | Crypt:3  | Found the +7 captain's cutlass {speed, disarm}
 40946 | Crypt:3  | Noticed an ancient lich
 40948 | Crypt:3  | Killed an ancient lich
 41170 | Crypt:3  | Found the +8 demon blade "Leech" {vamp, rN+ AC-3 EV-3}
 41356 | Crypt:3  | Found an ancient bone altar of Kikubaaqudgha.
 41358 | Crypt:3  | Noticed an ancient lich
 41367 | Crypt:3  | Killed an ancient lich
 41387 | Crypt:3  | Received a gift from Okawaru
 41401 | Crypt:3  | Noticed an ancient lich
 41409 | Crypt:3  | Killed an ancient lich
 41665 | Crypt:3  | Noticed Saint Roka
 41691 | Crypt:3  | Killed Saint Roka
 41691 | Crypt:3  | Reached skill level 23 in Shields
 42078 | D:14     | Noticed Frances
 42089 | D:14     | Killed Frances
 42293 | D:14     | Reached XP level 26. HP: 153/153 MP: 31/31
 42706 | D:15     | Entered Level 15 of the Dungeon
 43247 | D:15     | Found a stormy altar of Qazlal.
 43310 | D:15     | Found a staircase to the Depths.
 43532 | Depths:1 | Entered Level 1 of the Depths
 43532 | Depths:1 | Found a one-way gate leading to the halls of Pandemonium.
 43589 | Depths:1 | Identified the cursed -7 pair of boots "Teotiheng" {rC+ rN+
                  | Dex+4} (You found it on level 1 of the Depths)
 43762 | Depths:1 | Reached skill level 10 in Invocations
 43989 | Depths:1 | Found a gateway to Hell.
 43989 | Depths:1 | Noticed Margery
 44004 | Depths:1 | Cast into level 2 of the Abyss (hell knight)
 44021 | Abyss:2  | Found a corrupted altar of Lugonu.
 44210 | Abyss:2  | Received a gift from Okawaru
 44213 | Abyss:2  | Identified the +8 spear of Emekog {pierce, Int+5} (Okawaru
                  | gifted it to you on level 2 of the Abyss)
 44401 | Depths:1 | Escaped the Abyss
 44412 | Depths:1 | Killed Margery
 44604 | Depths:1 | Identified the amulet of Ufohed {rElec Regen+} (You took it
                  | off a spriggan berserker on level 1 of the Depths)
 45253 | Depths:2 | Reached skill level 15 in Stealth
 45482 | Depths:2 | Received a gift from Okawaru
 45687 | Depths:2 | Received a gift from Okawaru
 45688 | Depths:2 | Found the +2 pair of boots of the Assassin {Detection Stab+
                  | Stlth++}
 45899 | Depths:2 | Reached XP level 27. HP: 159/159 MP: 32/32
 45996 | Depths:2 | Noticed a juggernaut
 46008 | Depths:2 | Killed a juggernaut
 46134 | Depths:3 | Noticed Boris
 46139 | Depths:3 | Paralysed by a floating eye for 2 turns
 46255 | Depths:3 | Noticed the Enchantress
 46281 | Depths:3 | Killed the Enchantress
 46300 | Depths:3 | Received a gift from Okawaru
 46303 | Depths:3 | Reached skill level 24 in Shields
 46318 | Depths:2 | Killed Boris
 46516 | Depths:3 | Found a gateway to a ziggurat.
 47131 | Depths:4 | Received a gift from Okawaru
 47288 | Depths:4 | Found Gozag's Antique Weapon Shop.
 47318 | Depths:4 | Found an opulent altar of Gozag.
 47321 | Depths:4 | Found Gozag's Assorted Antiques.
 47323 | Depths:4 | Found Gozag's Assorted Antiques.
 47510 | Depths:4 | Bought 2 scrolls of enchant armour for 1500 gold pieces
 47510 | Depths:4 | Bought a potion of agility for 400 gold pieces
 47714 | Depths:4 | Noticed Boris
 47751 | Depths:4 | Killed Boris
 47751 | Depths:4 | Received a gift from Okawaru
 48013 | Depths:4 | Found a one-way gate to the infinite horrors of the Abyss.
 48418 | Depths:5 | Entered Level 5 of the Depths
 48441 | Depths:5 | Noticed Frederick
 48577 | Depths:5 | Killed Frederick
 48625 | Depths:5 | Reached skill level 25 in Shields
 48696 | Depths:5 | Received a gift from Okawaru
 48812 | Depths:5 | Found a gate to the Realm of Zot.
 49155 | Depths:5 | Found a portal to a secret trove of treasure.
 49240 | Depths:5 | You paid a toll of 5 potions of resistance to enter a
                  | treasure trove
 49241 | Trove    | Entered a treasure trove
 49471 | Zot:1    | Entered Level 1 of the Realm of Zot
 49665 | Zot:2    | Received a gift from Okawaru
 50174 | Zot:5    | Entered Level 5 of the Realm of Zot
 50276 | Zot:5    | Gained mutation: You tend to lose your temper in combat.
                  | [potion of mutation]
 50276 | Zot:5    | Lost mutation: You tend to lose your temper in combat.
                  | [potion of mutation]
 50276 | Zot:5    | Gained mutation: You have large cloven feet. [potion of
                  | mutation]
 50277 | Zot:5    | Lost mutation: You have large cloven feet. [potion of
                  | mutation]
 50277 | Zot:5    | Gained mutation: You are somewhat resistant to further
                  | mutation. [potion of mutation]
 50340 | Zot:5    | Noticed an ancient lich
 50343 | Zot:5    | Killed an ancient lich
 50367 | Zot:5    | Reached skill level 26 in Shields
 50376 | Zot:5    | Noticed an orb of fire
 50386 | Zot:5    | Noticed an orb of fire
 50388 | Zot:5    | Killed an orb of fire
 50464 | Zot:5    | Received a gift from Okawaru
 50624 | Zot:5    | Noticed an orb of fire
 50629 | Zot:5    | Noticed an orb of fire
 50631 | Zot:5    | Noticed an orb of fire
 50634 | Zot:5    | Gained mutation: Scrolls take you a little longer to read.
                  | [an orb of fire]
 50635 | Zot:5    | Noticed an orb of fire
 50637 | Zot:5    | Gained mutation: Scrolls take you longer to read. [an orb
                  | of fire]
 50639 | Zot:5    | Gained mutation: You are occasionally teleported next to
                  | monsters. [an orb of fire]
 50641 | Zot:5    | Noticed an orb of fire
 50641 | Zot:5    | Killed an orb of fire
 50645 | Zot:5    | Gained mutation: You are clumsy. (Dex -2) [an orb of fire]
 50645 | Zot:5    | HP: 2/163 [orb of fire/bolt of fire (38)]
 50646 | Zot:5    | Lost mutation: Scrolls take you longer to read. [potion of
                  | mutation]
 50646 | Zot:5    | Lost mutation: Scrolls take you a little longer to read.
                  | [potion of mutation]
 50646 | Zot:5    | Lost mutation: You are somewhat resistant to further
                  | mutation. [potion of mutation]
 50646 | Zot:5    | Gained mutation: Your muscles are strong. (Str +2) [potion
                  | of mutation]
 50646 | Zot:5    | Gained mutation: You occasionally shout uncontrollably at
                  | your foes. [potion of mutation]
 50646 | Zot:5    | Lost mutation: You are clumsy. (Dex -2) [potion of
                  | mutation]
 50646 | Zot:5    | Gained mutation: You expend magic power (3 MP) to
                  | strengthen your wands. [potion of mutation]
 50647 | Zot:5    | Killed from afar by an orb of fire

Skill      XL: |  1  2  3  4  5  6  7  8  9 10 11 12 13 14 15 16 17 18 19 20 21 22 23 24 25 26 27 |
---------------+----------------------------------------------------------------------------------+-----
Axes           | 2 3 |  3.0
Fighting       | 3 4 5 6 7 8 9 10 11 12 13 14 16 17 18 19 20 21 22 | 22.7
Shields        | 3 4 5 6 7 8 9 10 11 12 14 15 16 17 18 19 20 21 22 23 26 | 26.3
Armour         | 3 4 5 6 7 8 9 10 11 12 13 14 | 14.9
Polearms       | 2 4 5 7 9 10 12 13 14 15 | 15.4
Stealth        | 1 2 3 4 6 9 10 13 15 20 | 20.1
Dodging        | 1 2 3 4 5 6 7 8 9 10 11 13 | 13.2
Invocations    | 1 2 3 4 5 6 7 8 9 11 | 11.2
Evocations     | 1 |  1.5

Action                   |  1- 3 |  4- 6 |  7- 9 | 10-12 | 13-15 | 16-18 | 19-21 | 22-24 | 25-27 || total
-------------------------+-------+-------+-------+-------+-------+-------+-------+-------+-------++-------
Melee: War axe           |    44 |       |       |       |     3 |       |       |       |       ||    47
       Bite              |    11 |    24 |    44 |   176 |   320 |   372 |   551 |   640 |  1223 ||  3361
       Spear             |    38 |   132 |   200 |       |       |       |       |       |       ||   370
       Trident           |       |       |    35 |   554 |   891 |   495 |       |       |       ||  1975
       Demon trident     |       |       |       |       |       |   859 |  1468 |  1284 |  1999 ||  5610
       Trishula          |       |       |       |       |       |       |       |    37 |   512 ||   549
Invok: Heroism           |       |       |       |     9 |    16 |    24 |    14 |    15 |    14 ||    92
       Finesse           |       |       |       |       |    10 |     5 |     1 |     5 |       ||    21
 Abil: Evoke Flight      |       |       |       |       |       |     5 |     1 |       |       ||     6
Evoke: Wand              |       |       |       |     1 |     1 |       |       |       |     3 ||     5
  Use: Scroll            |       |     8 |     3 |     9 |     8 |    13 |     7 |    16 |    26 ||    90
       Potion            |       |       |       |       |     1 |       |     1 |     5 |     6 ||    13
 Stab: Invisible         |       |       |       |       |     1 |       |       |       |       ||     1
       Distracted        |       |       |       |       |       |       |     1 |     1 |    15 ||    17
       Sleeping          |       |       |       |       |       |       |    14 |    21 |    55 ||    90
  Eat: Chunk             |       |     6 |     5 |    16 |     5 |     1 |     1 |     2 |    10 ||    46
       Ration            |       |       |     1 |     1 |     7 |     5 |     9 |     4 |     7 ||    34
Armor: Scale mail        |    26 |    33 |    25 |   123 |     6 |       |       |       |       ||   213
       Chain mail        |       |       |    36 |       |       |       |       |       |       ||    36
       Swamp dragon scal |       |       |       |       |    92 |       |       |       |       ||    92
       Storm dragon scal |       |       |       |       |   106 |   322 |   114 |       |       ||   542
       Ice dragon scales |       |       |       |       |       |       |    48 |   180 |   418 ||   646
Dodge: Dodged            |    21 |    23 |    31 |   126 |   229 |   400 |   141 |   294 |   666 ||  1931
Block: Shield            |    53 |    61 |    73 |   247 |   413 |   735 |       |       |       ||  1582
       Large shield      |       |       |       |       |       |   102 |   740 |   938 |  2007 ||  3787
